 Dungeon Crawl Stone Soup version 0.25.0-45-g978344163c (webtiles) character file.

Game seed: 936582683011977145

46 Ethylacetat the Stinger (level 3, -1/21 HPs)
             Began as an Octopode Venom Mage on July 11, 2020.
             Slain by Natasha (8 damage)
             ... on level 2 of the Dungeon.
             The game lasted 00:05:12 (1454 turns).

Ethylacetat the Stinger (Octopode Venom Mage)       Turns: 1454, Time: 00:05:12

Health: -1/21      AC:  1    Str:  7    XL:     3   Next: 68%
Magic:  2/6        EV: 13    Int: 18    God:
Gold:   64         SH:  0    Dex: 12    Spells: 2/6 levels left

rFire    . . .     SeeInvis .   d - +0 dagger
rCold    . . .     Gourm    .   (no shield)
rNeg     . . .     Faith    .   (helmet restricted)
rPois    .         Spirit   .   (no amulet)
rElec    .         Reflect  .   (no ring)
rCorr    .         Harm     .   (no ring)
MR       .....                  (no ring)
Stlth    +++.......             (no ring)
HPRegen  0.07/turn              (no ring)
MPRegen  0.10/turn              (no ring)
                                (no ring)
                                (no ring)

@: no status effects
A: almost no armour, stealthy swim, amphibious, 8 rings, constrict 8, camouflage
1, gelatinous body 1
a: no special abilities


You were on level 2 of the Dungeon.
You were not hungry.

You visited 1 branch of the dungeon, and saw 2 of its levels.

You collected 64 gold pieces.

Inventory:

Hand Weapons
 d - a +0 dagger (weapon)
Scrolls
 a - 2 scrolls of remove curse {unknown}
 c - a scroll of teleportation {unknown}
 j - a scroll of random uselessness {unknown}
 k - 2 scrolls of magic mapping {unknown}
 l - 2 scrolls of blinking {unknown}
Potions
 e - 2 potions of brilliance {unknown}
 h - a potion of curing {unknown}
 i - a potion of cancellation {unknown}
Comestibles
 b - 2 rations
 f - 2 chunks of flesh


   Skills:
 - Level 2.0 Dodging
 - Level 2.6 Stealth
 + Level 2.4 Spellcasting
 - Level 2.1 Transmutations
 * Level 1.0 Fire Magic
 + Level 4.1 Poison Magic


You had 2 spell levels left.
You knew the following spells:

 Your Spells              Type           Power        Failure   Level  Hunger
a - Sting                 Tmut/Pois      ##..         4%          1    #......
b - Ignite Poison         Fire/Tmut/Pois ##......     19%         3    ###....

Your spell library contained the following spells:

 Spells                   Type           Power        Failure   Level  Hunger
 Poisonous Vapours        Pois/Air       #.....       11%         2    ##.....
 Mephitic Cloud           Conj/Pois/Air  #.......     28%         3    ###....
 Olgreb's Toxic Radiance  Pois           ###.....     30%         4    #####..


Dungeon Overview and Level Annotations

Branches:
Dungeon (2/15)

Altars:
Cheibriados
Trog

Annotations:
D:2 Natasha


Innate Abilities, Weirdness & Mutations

You cannot wear most types of armour.
You are very stealthy in the water. (Stealth+)
You are amphibious.
You can wear up to eight rings at the same time.
You can use your tentacles to constrict eight enemies at once.
Your skin changes colour to match your surroundings (Stealth+).
Your rubbery body absorbs attacks. (AC +1, EV +1)


Message History

Press: ? - help, Shift-Dir - straight line, f/p - Natasha
Aim: Natasha The sting misses Natasha.
Casting: Sting (safe; 4% risk of failure)
Confirm with . or Enter, or press ? or * to list all spells.
Aiming: Sting (safe; 4% risk of failure)
Press: ? - help, Shift-Dir - straight line, f/p - Natasha
Aim: Natasha The sting hits Natasha.
Natasha is poisoned.
Natasha is moderately wounded.
Natasha mewls in sadness.
Casting: Sting (safe; 4% risk of failure)
Confirm with . or Enter, or press ? or * to list all spells.
Aiming: Sting (safe; 4% risk of failure)
Press: ? - help, Shift-Dir - straight line, f/p - Natasha
Aim: Natasha (moderately wounded, poisoned)
The sting hits Natasha.
Natasha looks even sicker.
Natasha is heavily wounded.
Natasha claws you!
You die...

# .# #.#
##.##########.###
................#
##.##########.#.#
# # # #.#.###.# #
#.....#.###. .
#........... .
#........... .#
#..)@h...## ..
#..†.....#
............#
##..........#
..?#.......$..
###......?...#.#
####>##.#### # #.
.#


You could see Natasha (very poisoned).

Vanquished Creatures
  A worm (D:2)
  A dart slug (D:1)
  2 leopard geckos (D:1)
  2 giant cockroaches (D:1)
  6 goblins
  4 hobgoblins (D:1)
  2 jackals (D:1)
  4 kobolds
  8 bats (D:1)
  2 frilled lizards (D:1)
  6 rats
38 creatures vanquished.

Notes
Turn   | Place    | Note
-------+----------+-------------------------------------------
     0 | D:1      | Ethylacetat the Octopode Venom Mage began the quest for the
                  | Orb.
     0 | D:1      | Reached XP level 1. HP: 11/11 MP: 3/3
   101 | D:1      | Reached XP level 2. HP: 6/17 MP: 0/5
   671 | D:1      | Reached skill level 4 in Poison Magic
   741 | D:1      | Reached XP level 3. HP: 21/21 MP: 4/6
   748 | D:1      | Learned a level 3 spell: Ignite Poison
  1281 | D:2      | Found a bloodstained altar of Trog.
  1298 | D:2      | Found a snail-covered altar of Cheibriados.
  1372 | D:2      | Reached skill level 1 in Fire Magic
  1447 | D:2      | Noticed Natasha
  1454 | D:2      | Slain by Natasha

Illustrated notes

Levels and vault maps discovered:
D:1:      minmay_arrival_checkered_box, layout_loops_ring
D:2:      minmay_diamond_boxcup, layout_loops_ring,
          grunt_temple_overflow_gold_and_silver, grunt_temple_overflow_open,
          first_ration, minmay_tromino_v2, uniq_sigmund, uniq_natasha

Skill      XL: |  1  2  3 |
---------------+----------+-----
Transmutations | 2 |  2.1
Poison Magic   | 4 |  4.1
Fire Magic     | 1 |  1.0
Dodging        | |  2.0
Stealth        | |  2.6
Spellcasting   | |  2.4

Action                   || total
-------------------------++-------
Melee: Unarmed           ||    10
       Constrict         ||    13
       Tentacles         ||     3
       Dagger            ||    31
 Cast: Sting             ||    45
 Stab: Sleeping          ||     4
  Eat: Chunk             ||     2
Armor: Skin              ||     4
Dodge: Dodged            ||    31
